 Dungeon Crawl Stone Soup version 0.22-a0-305-gd21a89c (webtiles) character file.

52 xccam the Shield-Bearer (level 4, 0/35 HPs)
             Began as a Formicid Fighter on Mar 30, 2018.
             Killed from afar by Sigmund (11 damage)
             ... with a puff of flame
             ... on level 2 of the Dungeon.
             The game lasted 00:01:23 (834 turns).

xccam the Shield-Bearer (Formicid Fighter)           Turns: 834, Time: 00:01:24

Health: 0/35       AC:  6    Str: 26    XL:     4   Next: 8%
Magic:  4/4        EV:  8    Int:  8    God:
Gold:   31         SH: 10    Dex: 10    Spells: 3/3 levels left

rFire    . . .     SeeInvis +   a - +0 war axe
rCold    . . .     Gourm    .   c - +0 shield
rNeg     . . .     Faith    .   b - +0 scale mail
rPois    .         Spirit   .   (helmet unavailable)
rElec    .         Reflect  .   (no cloak)
rCorr    .         Harm     .   (no gloves)
MR       .....                  (no boots)
Stlth    ..........             g - amulet of the acrobat
HPRegen  0.11/turn              (no ring)
MPRegen  0.09/turn              (no ring)

@: mighty
A: permanent stasis, dig shafts and tunnels, four strong arms, antennae 3
a: Dig, Shaft Self


You were on level 2 of the Dungeon.
You were not hungry.

You visited 1 branch of the dungeon, and saw 2 of its levels.

You collected 31 gold pieces.

Inventory:

Hand Weapons
 a - a +0 war axe (weapon)
Armour
 b - a +0 scale mail (worn)
 c - a +0 shield (worn)
 j - a +0 pair of boots
Jewellery
 g - an amulet of the acrobat (around neck)
Scrolls
 e - a scroll of enchant armour {unknown}
 i - a scroll of random uselessness {unknown}
Potions
 h - a potion of resistance {unknown}
Comestibles
 f - 2 rations
 k - 6 chunks of flesh


   Skills:
 - Level 3.2 Fighting
 * Level 3.5 Axes
 - Level 3.2 Armour
 + Level 4.3 Shields


You had 3 spell levels left.
You didn't know any spells.

Dungeon Overview and Level Annotations

Branches:
Dungeon (2/15)

Altars:

Annotations:
D:2 Sigmund


Innate Abilities, Weirdness & Mutations

You cannot be hasted, slowed, berserked, paralysed or teleported.
You can dig through walls and to a lower floor.
Your four strong arms can wield two-handed weapons with a shield.
You have a pair of large antennae on your head. (SInv)


Message History

A leopard gecko comes into view.
You retract your mandibles.
You closely miss the frilled lizard. You block Sigmund's attack.
The frilled lizard bites you but does no damage.
You slash the frilled lizard!
You kill the frilled lizard!
You miss the frilled lizard.
Sigmund hits you from afar with a scythe!
The frilled lizard bites you but does no damage.
You block Sigmund's attack. The frilled lizard barely misses you.
You see here a frilled lizard corpse.
You closely miss Sigmund. You slash the frilled lizard!
You kill the frilled lizard!
Sigmund casts a spell at you. The magic dart hits you!
You barely miss Sigmund. You miss the leopard gecko.
The leopard gecko barely misses you. Sigmund gestures at you while chanting.
The puff of flame hits you!
You die...

#...#.#)#
#..###))# #
#..#.#)#
#.##.#.##.#
#......##.#
####.####<#
#.## #.#
#######.#######
......l@†......
..#...#@..#...#
...............
..#...#...#...#
...............
##### #########


You could see Sigmund and a leopard gecko.

Vanquished Creatures
  Robin (D:2)
  An adder (D:2)
  10 goblins
  7 hobgoblins
  A ball python (D:1)
  A bat (D:1)
  3 frilled lizards
  A kobold (D:2)
  5 rats (D:1)
30 creatures vanquished.

Notes
Turn   | Place    | Note
-------+----------+-------------------------------------------
     0 | D:1      | xccam the Formicid Fighter began the quest for the Orb.
     0 | D:1      | Reached XP level 1. HP: 18/18 MP: 1/1
   402 | D:1      | Reached XP level 2. HP: 24/24 MP: 2/2
   794 | D:2      | Reached skill level 4 in Shields
   795 | D:2      | Noticed Robin
   797 | D:2      | Reached XP level 3. HP: 29/29 MP: 3/3
   806 | D:2      | Killed Robin
   812 | D:2      | Reached XP level 4. HP: 31/35 MP: 4/4
   828 | D:2      | Noticed Sigmund
   834 | D:2      | Killed from afar by Sigmund

Vault maps used:
D:1:      dpeg_arrival_tiny_e, hangedman_decor_push, minmay_door_square
D:2:      lemuel_coloured_pillars_altar, uniq_robin, uniq_sigmund

Skill      XL: |  1  2 |
---------------+-------+-----
Shields        | 4 |  4.3
Axes           | 3 |  3.5
Fighting       | |  3.2
Armour         | |  3.2

Action                   |  1- 3 |  4- 6 || total
-------------------------+-------+-------++-------
Melee: War axe           |    53 |     8 ||    61
 Abil: Dig               |       |     1 ||     1
  Use: Potion            |       |     1 ||     1
Armor: Scale mail        |    15 |     5 ||    20
Dodge: Dodged            |    19 |     3 ||    22
Block: Shield            |    36 |     5 ||    41

Table legend:
 A = Spawn XP
 B = Non-spawn XP
 C = Spawn XP percentage of total XP
 D = Spawn monster count
 E = Non-spawn monster count
 F = Spawn count percentage of total count
 G = Total turns spent on level
                    A         B        C        D         E        F      G
               +---------+---------+-------+---------+---------+-------+---------
         Total |       0 |      75 |   0.0 |       0 |      30 |   0.0 |   834
               +---------+---------+-------+---------+---------+-------+---------
           D:1 |       0 |      18 |   0.0 |       0 |      13 |   0.0 |   786
           D:2 |       0 |      57 |   0.0 |       0 |      17 |   0.0 |    48
               +---------+---------+-------+---------+---------+-------+---------
